 Dungeon Crawl Stone Soup version 0.29.1-15-g9cfb28693d (webtiles) character file.

Game seed: 1901543937044427891

28 Alturiack the Stinger (level 2, 0/13 HPs)
             Began as a Spriggan Venom Mage on Apr 11, 2023.
             Slain by an adder (1 damage)
             ... on level 2 of the Dungeon.
             The game lasted 00:03:33 (1186 turns).

Alturiack the Stinger (Spriggan Venom Mage)         Turns: 1186, Time: 00:03:33

Health: 0/13       AC:  2    Str:  4    XL:     2   Next: 96%
Magic:  2/7        EV: 18    Int: 16    God:
Gold:   111        SH:  0    Dex: 15    Spells: 6/7 levels left

rFire   . . .      SeeInvis +   (weapon restricted)
rCold   . . .      Faith    .   (no shield)
rNeg    . . .      Spirit   .   a - +0 robe
rPois   .          Reflect  .   (helmet restricted)
rElec   .          Harm     .   (no cloak)
rCorr   .          Rampage  .   (gloves unavailable)
Will    .....                   (boots unavailable)
Stlth   ++........              (no amulet)
HPRegen 0.04/turn               (no ring)
MPRegen 0.10/turn               (no ring)

@: very quick
A: very small, no large weapons, unfitting armour, see invisible, speed 3
a: no special abilities


You were on level 2 of the Dungeon.
You visited 1 branch of the dungeon, and saw 2 of its levels.

You collected 111 gold pieces.

Inventory:

Armour
 a - a +0 robe (worn)
Scrolls
 c - a scroll of summoning {unknown}
 d - a scroll of immolation {unknown}
 e - 2 scrolls of brand weapon {unknown}
 f - a scroll of fear {unknown}
 g - a scroll of amnesia {unknown}
 h - a scroll of vulnerability {unknown}
Potions
 b - a potion of magic


   Skills:
 + Level 3.4 Dodging
 - Level 3.0 Stealth
 + Level 3.3 Spellcasting
 - Level 1.3 Transmutations
 + Level 3.4 Poison Magic


You had 6 spell levels left.
You knew the following spells:

 Your Spells              Type           Power      Damage    Failure   Level
a - Sting                 Tmut/Pois      40%        1d5       7%          1

Your spell library contained the following spells:

 Spells                   Type           Power      Damage    Failure   Level
 Poisonous Vapours        Pois/Air       16%        N/A       14%         2
 Mephitic Cloud           Conj/Pois/Air  6%         N/A       34%         3
 Olgreb's Toxic Radiance  Pois           13%        N/A       41%         4


Dungeon Overview and Level Annotations

Branches:
Dungeon (2/15)

Altars:

Shops:
D:2 =


Innate Abilities, Weirdness & Mutations

You are very small and have problems with some larger weapons.
You are too small for most types of armour.
You have supernaturally acute eyesight. (SInv)
You cover ground extremely quickly. (Speed+++)


Message History

You see here a quokka corpse.
There is an entrance to Veog Nyi's Jewellery Shoppe here.
An adder comes into view.
Casting: Sting (safe; 7% risk of failure)
Confirm with . or Enter, or press ? or * to list all spells.
You can't see any susceptible monsters within range! (Use Z to cast anyway.)
A quokka comes into view.
The adder hisses angrily.
Casting: Sting (safe; 7% risk of failure)
Confirm with . or Enter, or press ? or * to list all spells.
Aiming: Sting (safe; 7% risk of failure)
Press: ? - help, Shift-Dir - straight line, f - adder
Aim: an adder (53% to hit)
The sting hits the adder but does no damage.
The adder is poisoned.
The frilled lizard unfolds its giant frill.
The adder bites you.
You are poisoned.
The adder poisons you!
You feel sick.
You feel sick. The adder bites you.
You feel sick.
You feel sick.
Casting: Sting (safe; 7% risk of failure)
Confirm with . or Enter, or press ? or * to list all spells.
Aiming: Sting (safe; 7% risk of failure)
Press: ? - help, Shift-Dir - straight line, f/p - adder
Aim: an adder (lightly wounded, poisoned, 53% to hit)
The sting hits the adder but does no damage.
The adder looks even sicker.
The adder is lightly wounded.
* * * LOW HITPOINT WARNING * * *
You feel sick. The adder barely misses you.
* * * LOW HITPOINT WARNING * * *
You feel sick.
* * * LOW HITPOINT WARNING * * *
You feel sick.
You are no longer poisoned.
The adder bites you.
You die...

#.# #.# ....
#†# #..# #..#
#)# #..##..
#<# #..#l#
#.## #...#
#..########..#
##†##........#
#..#.Sr.l##.#
##∩.@....##..#
#..#######r..#
#...# #.....
.....# #..###.
..###.. #..# #
#..# #.. ...#
..# ..# .# #..


You could see an adder (very poisoned), a quokka and a frilled lizard.

Vanquished Creatures
  A dart slug (D:1)
  4 ball pythons
  3 hobgoblins (D:1)
  3 kobolds
  2 quokkas
  6 bats
  3 frilled lizards (D:1)
  A goblin (D:1)
  2 rats (D:1)
25 creatures vanquished.

Notes
Turn   | Place    | Note
-------+----------+-------------------------------------------
     0 | D:1      | Alturiack the Spriggan Venom Mage began the quest for the
                  | Orb.
     0 | D:1      | Reached XP level 1. HP: 9/9 MP: 5/5
   245 | D:1      | Reached XP level 2. HP: 13/13 MP: 2/7
   754 | D:1      | Found a faded altar of an unknown god.
  1118 | D:2      | Found Veog Nyi's Jewellery Shoppe.
  1186 | D:2      | Slain by an adder

Illustrated notes

Levels and vault maps discovered:
D:1:      sevenhm_arrival_forest_fort_small_6, layout_rooms,
          nicolae_ecumenical_snake_handling, serial_glass, glass_columns_c,
          glass_columns_b, glass_columns_b, glass_columns_a, glass_columns_a,
          glass_columns_c, minmay_octomino_e4
D:2:      layout_rooms, serial_shops, shop, uniq_crazy_yiuf_cottage

Skill      XL: |  1 |
---------------+----+-----
Dodging        | 3 |  3.4
Spellcasting   | 3 |  3.3
Stealth        | |  3.0
Transmutations | |  1.3
Poison Magic   | |  3.4

Action                   || total
-------------------------++-------
 Cast: Sting             ||    43
Dodge: Dodged            ||    10
